 Dungeon Crawl Stone Soup version 0.29-a0-870-g2c972031a6 (webtiles) character file.

Game seed: 1720694375449672613

90 jimonade the Trooper (level 4, -1/37 HPs)
             Began as a Djinni Fighter on July 17, 2022.
             Slain by Grinder (5 damage)
             ... on level 3 of the Dungeon.
             The game lasted 00:04:34 (2390 turns).

jimonade the Trooper (Djinni Fighter)               Turns: 2390, Time: 00:04:35

Health: -1/37      AC:  8    Str: 15    XL:     4   Next: 85%
Gold:   101        EV: 10    Int: 12    God:
                   SH:  4    Dex: 12

rFire   + + +      SeeInvis .   a - +2 mace (drain)
rCold   x . .      Faith    .   c - +0 buckler
rNeg    . . .      Spirit   .   h - +2 ring mail {rF+}
rPois   ∞          Reflect  .   (no helmet)
rElec   .          Harm     .   (no cloak)
rCorr   .          Rampage  .   v - +0 pair of gloves
Will    .....                   (boots unavailable)
Stlth   +.........              (no amulet)
HPRegen 0.12/turn               (no ring)
MPRegen 0.00/turn               (no ring)

@: flying
A: sickness immunity, fire resistance 2, cold vulnerability 1, float, innate
caster, HP casting, extra vitality 1
a: no special abilities


You were on level 3 of the Dungeon.
You visited 1 branch of the dungeon, and saw 3 of its levels.

You collected 101 gold pieces.

Inventory:

Hand Weapons
 a - a +2 mace of draining (weapon)
 b - a +1 sling of flaming
 f - a +0 long sword
Missiles
 m - 14 stones (quivered)
Armour
 c - a +0 buckler (worn)
 g - a +0 robe
 h - a +2 ring mail of fire resistance (worn)
 j - a +0 leather armour
 t - a +0 scale mail
 v - a +0 pair of gloves (worn)
Wands
 r - a wand of roots (8)
Scrolls
 e - 2 scrolls of vulnerability {unknown}
 i - 3 scrolls of identify {unknown}
 k - a scroll of fear {unknown}
 q - a scroll of fog {unknown}
 s - a scroll of enchant armour {unknown}
Potions
 d - a potion of might
 l - 2 potions of attraction {unknown}
 n - a potion of ambrosia {unknown}
 o - a potion of flight {unknown}
 p - a potion of curing {unknown}
 u - a potion of cancellation {unknown}


   Skills:
 * Level 3.7 Fighting
 + Level 2.1 Long Blades
 - Level 0.1 Maces & Flails
 + Level 0.4 Ranged Weapons
 + Level 3.4 Armour
 + Level 0.7 Dodging
 + Level 3.4 Shields
 * Level 0.7 Spellcasting


You had 3 spell levels left.
You knew the following spells:

 Your Spells              Type           Power      Damage    Failure   Level
a - Sting                 Tmut/Pois      8%         1d3       50%         1
Your spell library was empty.

Dungeon Overview and Level Annotations

Branches:
Dungeon (3/15)

Altars:
Wu Jian

Annotations:
D:3 Grinder


Innate Abilities, Weirdness & Mutations

You are immune to sickness and miasma.
You are immune to poison.
Your flesh is very heat resistant. (rF++)
You are vulnerable to cold. (rC-)
You float through the air rather than walking.
You learn spells naturally, not from books.
Your magical power is your life essence.
You have superior vitality. (+4 MHP)


Message History

Grinder is moderately wounded.
Grinder hits you but does no damage. Grinder hits you.
You writhe in agony.
You barely miss Grinder.
Grinder is moderately wounded.
Grinder gestures at you. Pain shoots through your body!
You barely miss Grinder.
Grinder is moderately wounded.
Grinder barely misses you. Grinder gestures at you.
You resist with significant effort.
You sock Grinder!
Grinder is heavily wounded.
You block Grinder's attack.
You hit Grinder but do no damage.
Grinder is heavily wounded.
Grinder barely misses you.
Grinder blinks!
Grinder blinks!
Grinder attacks as you move away! Grinder hits you. Grinder gestures at you.
You resist with significant effort. Grinder closely misses you.
You hit Grinder.
Grinder is heavily wounded.
Grinder hits you but does no damage.
You barely miss Grinder.
Grinder is heavily wounded.
Grinder gestures at you. Pain shoots through your body!
You hit Grinder.
Grinder is heavily wounded.
Grinder hits you.
* * * LOW HITPOINT WARNING * * *
Grinder closely misses you.
You hit Grinder.
Grinder is severely wounded.
Grinder hits you!
* * * LOW HITPOINT WARNING * * *
You writhe in agony.
You die...

##. #.#
#################.
#............†.#.†
#.######.#####...#
#.# #.# ###.. #.#
#.# ##. #.# #.#
#.# ###++ #@# #.#
##.
......#######5#
#.# #.#
..............#
#.# ###
#.#############
#.#######..
#.........#
#.######### ###


You could see Grinder.

Vanquished Creatures
  A gnoll (D:1)
  An adder (D:2)
  A worm (D:2)
  6 dart slugs
  6 endoplasms
  A giant cockroach (D:1)
  4 goblins
  6 hobgoblins
  A jackal (D:3)
  3 quokkas
  3 ball pythons (D:1)
  5 bats
  11 frilled lizards
  4 kobolds
  4 rats
57 creatures vanquished.

Notes
Turn   | Place    | Note
-------+----------+-------------------------------------------
     0 | D:1      | jimonade the Djinni Fighter began the quest for the Orb.
     0 | D:1      | Reached XP level 1. HP: 20/20 MP: 0/0
   297 | D:1      | Reached XP level 2. HP: 21/25 MP: 0/0
   522 | D:1      | Found a faded altar of an unknown god.
   533 | D:1      | Reached XP level 3. HP: 30/30 MP: 0/0
   533 | D:1      | Learned a level 1 spell: Sting
  1241 | D:2      | Reached XP level 4. HP: 33/35 MP: 0/0
  1620 | D:2      | Found an ornate altar of the Wu Jian Council.
  2362 | D:3      | Noticed Grinder
  2376 | D:3      | Paralysed by Grinder for 2 turns
  2390 | D:3      | Slain by Grinder

Illustrated notes

Levels and vault maps discovered:
D:1:      ncdulo_lavacross, layout_rooms,
          hellmonk_ecumenical_altar_pennies_from_heaven, minivault_19,
          nrook_loot_triangle
D:2:      kb_forest_paths, layout_basic, basic_altar
D:3:      minmay_diamond_boxcup, layout_basic, mainiacjoe_overflow_big_doors,
          uniq_grinder

Skill      XL: |  1  2 |
---------------+-------+-----
Long Blades    | 2 |  2.1
Fighting       | |  3.7
Maces & Flails | |  0.1
Ranged Weapons | |  0.4
Armour         | |  3.4
Dodging        | |  0.7
Shields        | |  3.4
Spellcasting   | |  0.7

Action                   |  1- 3 |  4- 6 || total
-------------------------+-------+-------++-------
Melee: Long sword        |    27 |       ||    27
       Mace              |    54 |    54 ||   108
 Fire: Sling             |       |    32 ||    32
Armor: Scale mail        |     9 |       ||     9
       Ring mail         |    20 |    29 ||    49
Dodge: Dodged            |    29 |    46 ||    75
Block: Buckler           |    18 |    20 ||    38

Table legend: (Time is in decaauts)
 A = Elapsed time spent in this place.
 B = Non-inter-level travel time spent in this place.
 C = Inter-level travel time spent in this place.
 D = Time resting spent in this place.
 E = Time spent auto-exploring this place.
 F = Levels seen in this place.
 G = Mean time per level.
                   A        B        C        D        E       F      G
               +--------+--------+--------+--------+--------+-----+--------+
         Total |   2459 |   2429 |     30 |    405 |   1487 |   3 |  819.7 |
       Dungeon |   2459 |   2429 |     30 |    405 |   1487 |   3 |  819.7 |
               +--------+--------+--------+--------+--------+-----+--------+

Top non-repeatable levels by time:
     D:1: 1141 daAuts
     D:2: 1114 daAuts
     D:3: 203 daAuts
